 Dungeon Crawl Stone Soup version 0.28-a0-1080-g05a166d0ed (webtiles) character file.

Game seed: 14376510823519471864

331 yoda5477 the Chopper (level 6, -1/47 HPs)
             Began as a Demonspawn Fighter on Dec 9, 2021.
             Slain by a black bear (8 damage)
             ... on level 4 of the Dungeon.
             The game lasted 00:06:43 (4339 turns).

yoda5477 the Chopper (Demonspawn Fighter)           Turns: 4339, Time: 00:06:43

Health: -1/47      AC: 10    Str: 19    XL:     6   Next: 26%
Magic:  6/6        EV:  7    Int:  9    God:
Gold:   71         SH:  8    Dex: 12    Spells: 5/5 levels left

rFire   . . .      SeeInvis .   a - +0 war axe
rCold   . . .      Faith    .   c - +0 buckler
rNeg    . . .      Spirit   .   o - +0 chain mail
rPois   .          Reflect  .   (no helmet)
rElec   .          Harm     .   (no cloak)
rCorr   .          Rampage  .   (no gloves)
Will    .....                   (no boots)
Stlth   ..........              (no amulet)
HPRegen 0.15/turn               (no ring)
MPRegen 0.20/turn               (no ring)

@: no status effects
A: molten scales 1, magic regeneration, condensation shield
a: no special abilities


You were on level 4 of the Dungeon.
You visited 1 branch of the dungeon, and saw 5 of its levels.

You collected 71 gold pieces.

Inventory:

Hand Weapons
 a - a +0 war axe (weapon)
Missiles
 i - 127 stones (quivered)
 l - 38 sling bullets
 s - 7 arrows
Armour
 b - a +0 scale mail
 c - a +0 buckler (worn)
 o - a +0 chain mail (worn)
 p - a +0 plate armour
Scrolls
 e - a scroll of enchant weapon {unknown}
 g - a scroll of amnesia {unknown}
 h - 3 scrolls of identify {unknown}
 j - a scroll of fear {unknown}
 n - a scroll of fog {unknown}
 r - a scroll of magic mapping {unknown}
Potions
 d - a potion of might
 f - a potion of magic {unknown}
 k - a potion of curing {unknown}
 m - 2 potions of lignification {unknown}
 q - a potion of heal wounds {unknown}


   Skills:
 - Level 3.0 Fighting
 * Level 5.4 Axes
 - Level 2.6 Armour
 + Level 3.8 Shields


You had 5 spell levels left.
You didn't know any spells.
Your spell library contained the following spells:

 Spells                   Type           Power      Damage    Failure   Level
 Animate Skeleton         Necr           0%         N/A       99%         1
 Apportation              Tloc           0%         N/A       99%         1
 Summon Small Mammal      Summ           0%         N/A       99%         1
 Conjure Flame            Conj/Fire      0%         6-21      100%        3
 Ignite Poison            Fire/Tmut/Pois 0%         N/A       100%        3
 Sticky Flame             Conj/Fire      0%         2d3       100%        4


Dungeon Overview and Level Annotations

Branches:
Dungeon (5/15)
 Temple: D:4-7

Altars:


Innate Abilities, Weirdness & Mutations

You are partially covered in molten scales. (AC +2)
You regenerate magic rapidly.
A meltable shield of frost defends you. (SH +4)


Message History

You block the black bear's attack. The black bear closely misses you.
The black bear claws you.
You closely miss the black bear.
The black bear is heavily wounded.
You block the black bear's attack. x3
You slash the black bear!
The black bear is severely wounded.
The black bear bites you.
The black bear claws you but does no damage.
The black bear barely misses you.
You completely miss the black bear.
The black bear is severely wounded.
You block the black bear's attack. x3
You hit the black bear.
The black bear is almost dead.
The black bear goes berserk!
You closely miss the black bear.
The black bear is almost dead.
The black bear bites you!
The black bear claws you but does no damage.
The black bear claws you. The black bear bites you!
You block the black bear's attack.
The black bear claws you but does no damage.
You hit the black bear but do no damage.
The black bear is almost dead.
The black bear barely misses you. The black bear closely misses you.
The black bear claws you but does no damage.
The black bear bites you. The black bear barely misses you.
You block the black bear's attack.
You hit the black bear.
The black bear is almost dead.
The black bear bites you. The black bear claws you.
You block the black bear's attack. The black bear bites you.
* * * LOW HITPOINT WARNING * * *
The black bear claws you.
* * * LOW HITPOINT WARNING * * *
The black bear barely misses you.
The black bear rages.
The black bear bites you!
You die...

..# # ##.####+# #.#
...# ......#####
#.##..# #.........
###<....# ..(....#
.###.##.######.(....#
.###+#.........(?...###
).......# #...........
........# #....h..#
........# #....@.##
........#
#####.#########
........# #.# #.....#
......#.########.#
#.###>###
#######..........#
#.......#
#>################.#.#
#.# ####.#.........#.#
#.# #....#..########.#
#####.##.##.# #.#


You could see a black bear (berserk).

Vanquished Creatures
  Menkaure (D:4)
  A centaur skeleton (D:4)
  2 iguanas (D:4)
  4 gnolls (D:3)
  3 adders
  A dart slug (D:1)
  2 orcs
  6 bats
  6 endoplasms
  3 giant cockroaches
  11 goblins
  A hobgoblin (D:1)
  4 jackals (D:3)
  2 kobolds
  4 quokkas
  4 ball pythons
  3 frilled lizards
  5 rats
63 creatures vanquished.

Notes
Turn   | Place    | Note
-------+----------+-------------------------------------------
     0 | D:1      | yoda5477 the Demonspawn Fighter began the quest for the
                  | Orb.
     0 | D:1      | Reached XP level 1. HP: 18/18 MP: 1/1
   263 | D:1      | Reached skill level 2 in Axes
   410 | D:1      | Gained mutation: A meltable shield of frost defends you.
                  | (SH +4) [demonic ancestry]
   410 | D:1      | Reached XP level 2. HP: 20/24 MP: 2/2
   903 | D:1      | Found a faded altar of an unknown god.
   946 | D:1      | Gained mutation: You are partially covered in molten
                  | scales. (AC +2) [demonic ancestry]
   946 | D:1      | Reached XP level 3. HP: 26/29 MP: 3/3
  1308 | D:2      | Reached skill level 3 in Axes
  2363 | D:3      | Reached XP level 4. HP: 35/35 MP: 4/4
  3157 | D:3      | Reached skill level 4 in Axes
  3473 | D:4      | Reached XP level 5. HP: 39/41 MP: 5/5
  3748 | D:4      | Noticed Menkaure
  3992 | D:4      | Killed Menkaure
  3993 | D:4      | Reached skill level 5 in Axes
  3993 | D:4      | Gained mutation: You regenerate magic rapidly. [demonic
                  | ancestry]
  3993 | D:4      | Reached XP level 6. HP: 13/47 MP: 6/6
  4310 | D:5      | Entered Level 5 of the Dungeon
  4339 | D:4      | Slain by a black bear

Illustrated notes

Levels and vault maps discovered:
D:1:      dpeg_arrival_subterranean_lakeside_camping, layout_loops_ring,
          shapermc_ecumenical_altar_pompeii
D:2:      layout_loops_ring, wander_ebering_terrifying_dragon_lair
D:3:      layout_loops_cross
D:4:      layout_basic, lemuel_crystal_altar, dk_noncrumbling_3, uniq_natasha,
          uniq_menkaure
D:5:      layout_loops_corners, minmay_temple_entry_proselytizer,
          chequers_serial_rivers_marsh, kennysheep_generic_room_7, uniq_sigmund

Skill      XL: |  1  2  3  4  5 |
---------------+----------------+-----
Axes           | 2 3 4 5 |  5.4
Shields        | 3 |  3.8
Fighting       | |  3.0
Armour         | |  2.6

Action                   |  1- 3 |  4- 6 || total
-------------------------+-------+-------++-------
Melee: War axe           |   141 |   100 ||   241
Throw: Stone             |       |     3 ||     3
Armor: Scale mail        |    62 |     3 ||    65
       Chain mail        |       |    44 ||    44
Dodge: Dodged            |    59 |    36 ||    95
Block: Buckler           |    62 |    49 ||   111

Table legend: (Time is in decaauts)
 A = Elapsed time spent in this place.
 B = Non-inter-level travel time spent in this place.
 C = Inter-level travel time spent in this place.
 D = Time resting spent in this place.
 E = Time spent auto-exploring this place.
 F = Levels seen in this place.
 G = Mean time per level.
                   A        B        C        D        E       F      G
               +--------+--------+--------+--------+--------+-----+--------+
         Total |   4441 |   4413 |     28 |   1388 |   2200 |   5 |  888.2 |
       Dungeon |   4441 |   4413 |     28 |   1388 |   2200 |   5 |  888.2 |
               +--------+--------+--------+--------+--------+-----+--------+

Top non-repeatable levels by time:
     D:3: 1450 daAuts
     D:1: 1292 daAuts
     D:2: 882 daAuts
     D:4: 814 daAuts
     D:5: 1 daAuts
